 Dungeon Crawl Stone Soup version 0.17.1-1-g73c8601 (webtiles) character file.

151 Mysteryquy the Chopper (level 5, 0/46 HPs)
             Began as a Draconian Berserker on Dec 31, 2015.
             Was a Priest of Trog.
             Slain by an orc wizard
             ... wielding a +0 dagger
              (3 damage)
             ... on level 4 of the Dungeon.
             The game lasted 00:04:40 (2453 turns).

Mysteryquy the Chopper (Draconian Berserker)        Turns: 2453, Time: 00:04:40

Health: 0/46       AC:  5    Str: 21    XL:     5   Next: 10%
Magic:  5/5        EV: 12    Int:  7    God:    Trog [***...]
Gold:   208        SH:  0    Dex: 10    Spells: 0 memorised, 4 levels left

rFire  . . .     SeeInvis .     a - +0 hand axe
rCold  . . .     Clarity  .     (armour unavailable)
rNeg   . . .     SustAt   .     (no shield)
rPois  .         Gourm    .     (helmet restricted)
rElec  .         Spirit   .     (no cloak)
rCorr  .         Warding  .     (no gloves)
rMut   .         Stasis   .     (no boots)
MR     .....                    (no amulet)
Stlth  +.........               (no ring)
                                (no ring)

@: confused, not resistant to hostile enchantments, very unstealthy
A: unfitting armour, cold-blooded, AC +5
a: Berserk, Trog's Hand, Burn Spellbooks, Renounce Religion


You were on level 4 of the Dungeon.
You worshipped Trog.
Trog was most pleased with you.
You were not hungry.

You visited 1 branch of the dungeon, and saw 4 of its levels.

You collected 208 gold pieces.

Inventory:

Hand Weapons
 a - a +0 hand axe (weapon)
Jewellery
 p - a +6 ring of intelligence {unknown}
Wands
 q - a wand of flame (33)
Scrolls
 c - 2 scrolls of remove curse {unknown}
 e - a scroll of noise {unknown}
 h - a scroll of amnesia {unknown}
 j - 3 scrolls of identify {unknown}
 k - 2 scrolls of magic mapping {unknown}
 l - 2 scrolls of recharging {unknown}
 m - a scroll of enchant armour {unknown}
 n - a scroll of teleportation {unknown}
 o - 3 scrolls of immolation {unknown}
 r - a scroll of enchant weapon {unknown}
Potions
 f - a potion of degeneration {unknown}
 g - 2 potions of agility {unknown}
 i - 2 potions of curing {unknown}
 t - a potion of mutation {unknown}
Comestibles
 b - a bread ration
 d - 2 meat rations


   Skills:
 - Level 3.7 Fighting
 + Level 5.3 Axes
 - Level 3.1 Dodging


You had 4 spell levels left.
You didn't know any spells.

Dungeon Overview and Level Annotations

Branches:
Dungeon (4/15)
 Temple: D:4-7

Altars:
Okawaru


Innate Abilities, Weirdness & Mutations

Your plain brown scales are hard (AC +5).
Your body does not fit into most forms of armour.
You are cold-blooded and may be slowed by cold attacks.


Message History

* * * LOW HITPOINT WARNING * * *
You closely miss something. You tail-slap something.
You hear some strange, mumbled words.
You are confused.
You bump into the rock wall.
Something hits you but does no damage.
You completely miss something. Something hits you but does no damage.
You miss something.
Your tail-slap misses something.
Something hits you but does no damage.
You bump into the rock wall.
Something hits you.
* * * LOW HITPOINT WARNING * * *
You closely miss something. Something hits you but does no damage.
You bump into the rock wall.
Something hits you but does no damage.
You feel less confused.
You hear some strange, mumbled words.
You are confused.
Something hits you but does no damage.
You bump into the rock wall.
Something hits you.
* * * LOW HITPOINT WARNING * * *
You hit something. Something hits you.
You die...

.# ##.#
#.. #..
#.#
#.####.#
#......###
#.{@.#
#.##<#
#....#
####.# #)#
#.# #.#
#.# #.#


There were no monsters in sight!

Vanquished Creatures
  An orc wizard (D:4)
  3 gnolls (D:2)
  2 adders (D:2)
  An ooze (D:2)
  2 orcs
  2 ball pythons (D:1)
  11 bats
  13 goblins
  9 hobgoblins
  2 quokkas (D:3)
  A giant cockroach (D:3)
  7 giant newts
  5 jackals
  5 kobolds
  9 rats
73 creatures vanquished.

Notes
Turn   | Place    | Note
--------------------------------------------------------------
     0 | D:1      | Mysteryquy the Draconian Berserker began the quest for the Orb.
     0 | D:1      | Reached XP level 1. HP: 19/19 MP: 1/1
     3 | D:1      | Noticed an electric eel
     5 | D:1      | Noticed an electric eel
   162 | D:1      | Reached XP level 2. HP: 17/26 MP: 2/2
   381 | D:1      | Reached ** piety under Trog
   683 | D:2      | Reached XP level 3. HP: 20/31 MP: 3/3
   752 | D:2      | Found an iron altar of Okawaru.
  1160 | D:2      | Reached skill level 4 in Axes
  1270 | D:2      | Reached XP level 4. HP: 32/40 MP: 4/4
  1685 | D:3      | Reached *** piety under Trog
  2085 | D:3      | Reached skill level 5 in Axes
  2420 | D:4      | Reached XP level 5. HP: 17/46 MP: 5/5
  2453 | D:4      | Slain by an orc wizard

Action                   |  1- 3 |  4- 6 || total
-------------------------+-------+-------++-------
Melee: Hand axe          |   139 |   106 ||   245
Invok: Trog's Hand       |       |     1 ||     1
 Stab: Sleeping          |     1 |       ||     1
  Eat: Chunk             |     1 |     4 ||     5
